 Dungeon Crawl Stone Soup version 0.24-a0-179-g7a2c91a (webtiles) character file.

Game seed: 501236881732465214

318 galech the Chopper (level 6, -7/48 HPs)
             Began as a Demonspawn Fighter on Mar 13, 2019.
             Mangled by an ogre
             ... wielding a +0 giant spiked club
              (9 damage)
             ... on level 4 of the Dungeon.
             The game lasted 00:03:27 (3310 turns).

galech the Chopper (Demonspawn Fighter)             Turns: 3310, Time: 00:03:27

Health: -7/48      AC: 12    Str: 16    XL:     6   Next: 21%
Magic:  6/6        EV:  4    Int: 10    God:
Gold:   136        SH:  9    Dex: 14    Spells: 5/5 levels left

rFire    . . .     SeeInvis .   a - +0 war axe
rCold    . . .     Gourm    .   c - +0 shield
rNeg     . . .     Faith    .   g - +0 chain mail
rPois    .         Spirit   .   (helmet restricted)
rElec    .         Reflect  .   (no cloak)
rCorr    .         Harm     .   (no gloves)
MR       .....                  (no boots)
Stlth    ..........             (no amulet)
HPRegen  0.16/turn              (no ring)
MPRegen  0.10/turn              (no ring)

@: no status effects
A: antennae 2, yellow scales 2
a: no special abilities


You were on level 4 of the Dungeon.
You were not hungry.

You visited 1 branch of the dungeon, and saw 4 of its levels.

You collected 136 gold pieces.

Inventory:

Hand Weapons
 a - a +0 war axe (weapon)
Armour
 b - a +0 scale mail
 c - a +0 shield (worn)
 g - a +0 chain mail (worn)
Scrolls
 k - 2 scrolls of enchant weapon
 m - a scroll of teleportation
 o - 2 scrolls of identify
 p - a scroll of remove curse
Potions
 i - 2 potions of degeneration {unknown}
 j - 2 potions of mutation {unknown}
 l - a potion of haste {unknown}
 n - 2 potions of flight {unknown}
Comestibles
 d - a chunk of flesh
 f - 6 rations


   Skills:
 + Level 3.8 Fighting
 + Level 4.2 Axes
 + Level 3.3 Armour
 + Level 0.4 Dodging
 + Level 3.9 Shields


You had 5 spell levels left.
You didn't know any spells.
Your spell library was empty.

Dungeon Overview and Level Annotations

Branches:
Dungeon (4/15)
 Temple: D:4-7

Altars:
Kikubaaqudgha
Nemelex Xobeh
Vehumet

Annotations:
D:4 Grinder


Innate Abilities, Weirdness & Mutations

You have a pair of antennae on your head.
You are mostly covered in yellow scales. (AC +3)


Message History

Ouch! That really hurt!
* * * LOW HITPOINT WARNING * * *
You are too injured to fight recklessly!
You are too injured to fight recklessly!
You are too injured to fight recklessly!
You are too injured to fight recklessly!
You are too injured to fight recklessly!
You feel better. The ogre closely misses you.
You feel better.
You slash the ogre!
The ogre is moderately wounded.
The ogre hits you with a +0 giant spiked club!
You slash the ogre!
The ogre is severely wounded.
The ogre hits you with a +0 giant spiked club!
* * * LOW HITPOINT WARNING * * *
Your chain mail prevents you from hitting the ogre.
The ogre is severely wounded.
The ogre hits you with a +0 giant spiked club!
You die...

####...#### #.........# ##
###.......#.##.# ##
##.#.#...###.#..##.. #####
#.#...#...##........
#..#.###.#....#............
..............#...........
##..........#.##..#......
............#.##@....#.
####....#.....##O....#
##......###....#####5##..#
....#..........##O.......#
.#.#...................#..#
###...........###..........
.##................#...##..
.......................# #
#...†........#.##..#.#.#


You could see Grinder and an ogre.

Vanquished Creatures
  A sky beast (D:4)
  A hound (D:4)
  An iguana (D:4)
  9 adders
  2 worms (D:2)
  3 dart slugs
  4 leopard geckos
  4 orcs (D:3)
  5 giant cockroaches
  11 hobgoblins
  6 kobolds
  2 quokkas (D:3)
  A ball python (D:1)
  5 bats
  10 frilled lizards
  9 goblins
  7 rats
81 creatures vanquished.

Notes
Turn   | Place    | Note
-------+----------+-------------------------------------------
     0 | D:1      | galech the Demonspawn Fighter began the quest for the Orb.
     0 | D:1      | Reached XP level 1. HP: 18/18 MP: 1/1
   170 | D:1      | Gained mutation: You have a pair of small antennae on your
                  | head. [demonic ancestry]
   170 | D:1      | Reached XP level 2. HP: 24/24 MP: 2/2
   288 | D:1      | Reached skill level 2 in Axes
   741 | D:1      | Gained mutation: You are partially covered in yellow
                  | scales. (AC +2) [demonic ancestry]
   741 | D:1      | Reached XP level 3. HP: 28/29 MP: 3/3
  1165 | D:2      | Gained mutation: You have a pair of antennae on your head.
                  | [demonic ancestry]
  1165 | D:2      | Reached XP level 4. HP: 34/35 MP: 4/4
  1229 | D:2      | Reached skill level 3 in Axes
  2113 | D:3      | Reached XP level 5. HP: 17/41 MP: 5/5
  2555 | D:3      | Found a radiant altar of Vehumet.
  2557 | D:3      | Found a sparkling altar of Nemelex Xobeh.
  2559 | D:3      | Found an ancient bone altar of Kikubaaqudgha.
  2807 | D:4      | Reached skill level 4 in Axes
  2849 | D:4      | Noticed a sky beast
  2871 | D:4      | Killed a sky beast
  2871 | D:4      | Gained mutation: You are mostly covered in yellow scales.
                  | (AC +3) [demonic ancestry]
  2871 | D:4      | Reached XP level 6. HP: 19/48 MP: 6/6
  3056 | D:4      | Noticed Grinder
  3309 | D:4      | HP: 2/48 [ogre/+0 giant spiked club (13)]
  3310 | D:4      | Mangled by an ogre

Levels and vault maps discovered:
D:1:      sevenhm_arrival_forest_fort_large_4, layout_loops_cross,
          minmay_hedge_maze
D:2:      wad_crossroads, layout_basic
D:3:      layout_rooms, minitemple, serial_curves, eino_curves_01,
          eino_curves_01, first_ration
D:4:      layout_cave_pools, uniq_natasha, uniq_grinder

Skill      XL: |  1  2  3  4  5 |
---------------+----------------+-----
Axes           | 2 3 4 |  4.2
Shields        | 3 |  3.9
Armour         | 3 |  3.3
Fighting       | |  3.8
Dodging        | |  0.4

Action                   |  1- 3 |  4- 6 || total
-------------------------+-------+-------++-------
Melee: War axe           |   115 |   220 ||   335
  Use: Potion            |       |     5 ||     5
       Scroll            |       |     4 ||     4
  Eat: Chunk             |     1 |     7 ||     8
Armor: Scale mail        |     7 |       ||     7
       Chain mail        |    82 |   165 ||   247
Dodge: Dodged            |    22 |    34 ||    56
Block: Shield            |    55 |   133 ||   188

Table legend:
 A = Non-vault XP
 B = Vault XP
 C = Vault XP percentage of total XP
 D = Non-vault monster count
 E = Vault monster count
 F = Vault count percentage of total count
                 A         B        C        D         E       F
            +---------+---------+-------+---------+---------+-------
      Total |     438 |      17 |   3.7 |      77 |       4 |   4.9
            +---------+---------+-------+---------+---------+-------
        D:1 |      41 |       0 |   0.0 |      23 |       0 |   0.0
        D:2 |      84 |      17 |  16.8 |      20 |       4 |  16.7
        D:3 |      97 |       0 |   0.0 |      30 |       0 |   0.0
        D:4 |     216 |       0 |   0.0 |       4 |       0 |   0.0
            +---------+---------+-------+---------+---------+-------
